 Dungeon Crawl Stone Soup version 0.22-a0-458-gb446440 (webtiles) character file.

2134 protoss039 the Cleaver (level 9, -2/83 HPs)
             Began as a Minotaur Berserker on June 8, 2018.
             Was an Elder of Trog.
             Slain by an orc knight
             ... wielding a +0 war axe
              (18 damage)
             ... in a bailey.
             The game lasted 00:20:51 (5829 turns).

protoss039 the Cleaver (Minotaur Berserker)         Turns: 5829, Time: 00:20:51

Health: -2/83      AC: 11    Str: 24    XL:     9   Next: 9%
Magic:  8/8        EV:  7    Int:  4    God:    Trog [****..]
Gold:   292        SH:  0    Dex: 11    Spells: 8/8 levels left

rFire    . . .     SeeInvis .   a - +0 hand axe
rCold    . . .     Gourm    .   (no shield)
rNeg     . . .     Faith    .   w - +0 plate armour
rPois    .         Spirit   .   (helmet restricted)
rElec    .         Reflect  .   h - scarf {cloud immunity}
rCorr    .         Harm     .   (no gloves)
MR       ++...                  (no boots)
Stlth    ..........             (no amulet)
HPRegen  1.23/turn              (no ring)
MPRegen  0.11/turn              (no ring)

@: berserk cooldown, regenerating, hasted and slowed
A: retaliatory headbutt, horns 2
a: Berserk, Trog's Hand, Brothers in Arms, Renounce Religion


You were in a bailey.
You worshipped Trog.
Trog was greatly pleased with you.
You were near starving.

You visited 1 branch of the dungeon, and saw 7 of its levels.
You also visited: Bailey.

You collected 303 gold pieces.
You spent 11 gold pieces at shops.

Inventory:

Hand Weapons
 a - a +0 hand axe (weapon)
 G - a +0 war axe
Missiles
 F - 13 tomahawks of returning (quivered)
Armour
 h - a scarf of cloud immunity (worn)
 u - a +0 scale mail
 w - a +0 plate armour (worn)
Jewellery
 g - an uncursed ring of wizardry {unknown}
 o - an uncursed ring of magical power {unknown}
Wands
 x - a wand of polymorph (6)
Scrolls
 b - 2 scrolls of enchant armour {unknown}
 e - 10 scrolls of identify {unknown}
 f - a scroll of enchant weapon {unknown}
 n - 4 scrolls of fog {unknown}
 r - 2 scrolls of noise {unknown}
 s - 2 scrolls of blinking {unknown}
 t - 3 scrolls of remove curse {unknown}
 v - a scroll of immolation {unknown}
 y - 2 scrolls of teleportation {unknown}
 B - a scroll of fear {unknown}
Potions
 d - a potion of mutation {unknown}
 i - a potion of brilliance {unknown}
 j - 2 potions of magic {unknown}
 k - 5 potions of flight
 l - 2 potions of cancellation {unknown}
 m - a potion of heal wounds {unknown}
 p - 2 potions of might {unknown}
 q - a potion of invisibility {unknown}
 z - a potion of haste
 A - a potion of curing {unknown}
 D - a potion of lignification {unknown}
 E - a potion of ambrosia
Comestibles
 c - 19 rations
 C - 2 chunks of flesh


   Skills:
 + Level 9.1 Fighting
 * Level 11.9 Axes
 - Level 2.4 Armour
 - Level 2.1 Dodging


You had 8 spell levels left.
You didn't know any spells.
Your spell library was empty.

Dungeon Overview and Level Annotations

Branches:
Dungeon (7/15)             Temple (0/1) D:4

Altars:
Cheibriados
Fedhas
Kikubaaqudgha
Makhleb
Nemelex Xobeh
Ru
Sif Muna
Trog
Uskayaw
Vehumet
Wu Jian
Yredelemnul
The Shining One

Shops:
D:4 !


Innate Abilities, Weirdness & Mutations

You reflexively headbutt those who attack you in melee.
You have a pair of horns on your head.


Message History

Your headbutt misses the orc knight. The orc knight closely misses you.
You furiously retaliate!
You headbutt the orc knight!
Unknown command.
You hit the orc knight but do no damage.
You headbutt the orc knight, but do no damage.
The orc knight is lightly wounded.
Unknown command.
You closely miss the orc knight.
The hobgoblin shouts!
Your headbutt misses the orc knight.
The orc knight is lightly wounded.
The orc knight hits you but does no damage.
Unknown command.
You closely miss the orc knight.
The orc knight is lightly wounded.
Unknown command.
You miss the orc knight. You headbutt the orc knight!
The orc knight is moderately wounded.
The orc knight hits you with a war axe!!
You die...

≈≈K#...gKgK#K≈≈≈≈≈≈≈....###
##
#...K...####.≈≈≈≈≈≈≈≈≈≈##
####'####..#...)..≈≈≈≈≈≈≈
.. ....###.)(†..#≈≈≈ ###..'
#.....### #.g###.......#
#..#.(..⌠.....#
##o#)........##
#.@)).......##
...............####
##.#############


You could see an orc knight and a hobgoblin.

Vanquished Creatures
  An orc knight (Bailey)
  A human (D:2)
  A water moccasin (D:4)
  An orc warrior (Bailey)
  An ice beast (D:7)
  A phantom (D:4)
  2 ogres
  2 centaurs
  2 killer bees (D:6)
  A crimson imp (D:6)
  3 bullfrog zombies
  A hound (D:7)
  2 jellies (D:5)
  An iguana (D:5)
  Ijyb (D:4)
  2 orc wizards (D:6)
  11 worker ants
  A gnoll (D:7)
  6 adders
  A shadow imp (D:5)
  2 oozes
  An adder skeleton (D:4)
  4 worms (D:2)
  5 dart slugs
  3 leopard geckos
  6 orcs
  2 ball pythons (D:1)
  10 giant cockroaches
  7 goblins
  11 hobgoblins
  6 jackals
  10 bats
  10 frilled lizards
  A jackal zombie (D:6)
  17 kobolds
  A quokka skeleton (D:5)
  A quokka zombie (D:5)
  8 rats
147 creatures vanquished.

Notes
Turn   | Place    | Note
-------+----------+-------------------------------------------
     0 | D:1      | protoss039 the Minotaur Berserker began the quest for the Orb.
     0 | D:1      | Reached XP level 1. HP: 19/19 MP: 0/0
   229 | D:1      | Reached skill level 4 in Axes
   283 | D:1      | Reached XP level 2. HP: 27/27 MP: 1/1
   499 | D:1      | Reached XP level 3. HP: 23/33 MP: 2/2
   502 | D:1      | Reached ** piety under Trog
  1230 | D:2      | Found a snail-covered altar of Cheibriados.
  1246 | D:2      | Reached skill level 5 in Axes
  1436 | D:2      | Reached XP level 4. HP: 34/41 MP: 3/3
  1484 | D:2      | Found a runed door.
  1484 | D:2      | Noticed a human
  1489 | D:2      | Found a basalt altar of Yredelemnul.
  2151 | D:2      | Killed a human
  2151 | D:2      | Reached skill level 5 in Fighting
  2151 | D:2      | Reached skill level 6 in Axes
  2151 | D:2      | Reached XP level 5. HP: 19/48 MP: 4/4
  2391 | D:3      | Reached XP level 6. HP: 56/56 MP: 5/5
  2419 | D:3      | Reached skill level 7 in Axes
  2643 | D:3      | Reached *** piety under Trog
  2726 | D:3      | Found a burning altar of Makhleb.
  2727 | D:3      | Noticed a blizzard demon
  2731 | D:3      | Noticed a smoke demon
  2731 | D:3      | Noticed a hellwing
  2821 | D:4      | Found Delil's Distillery.
  2824 | D:4      | Bought a potion of degeneration for 11 gold pieces
  3008 | D:4      | Found a staircase to the Ecumenical Temple.
  3070 | D:4      | Noticed Ijyb
  3083 | D:4      | Killed Ijyb
  3269 | D:4      | Noticed a water moccasin
  3276 | D:4      | Killed a water moccasin
  3417 | D:4      | Reached skill level 8 in Axes
  3470 | D:4      | Found a deep blue altar of Sif Muna.
  3531 | D:4      | Found a bloodstained altar of Trog.
  3552 | D:4      | Found a basalt altar of Yredelemnul.
  3552 | D:4      | Found a glowing golden altar of the Shining One.
  3553 | D:4      | Found a hide-covered altar of Uskayaw.
  3557 | D:4      | Found an ancient bone altar of Kikubaaqudgha.
  3662 | D:5      | Entered Level 5 of the Dungeon
  3844 | D:5      | Reached XP level 7. HP: 60/63 MP: 6/6
  4439 | D:6      | Found a blossoming altar of Fedhas.
  4482 | D:6      | Found a sacrificial altar of Ru.
  4492 | D:6      | Reached skill level 9 in Axes
  4688 | D:6      | Found a radiant altar of Vehumet.
  4835 | D:6      | Reached XP level 8. HP: 73/73 MP: 7/7
  4873 | D:6      | Found a runed door.
  4881 | D:6      | Found a runed door.
  5213 | D:6      | Found a sparkling altar of Nemelex Xobeh.
  5273 | D:6      | Reached skill level 10 in Axes
  5300 | D:6      | Reached **** piety under Trog
  5461 | D:7      | Reached skill level 11 in Axes
  5514 | D:7      | Found an ornate altar of the Wu Jian Council.
  5526 | D:7      | Found a flagged portal.
  5544 | Bailey   | Entered a bailey
  5728 | Bailey   | Noticed an orc knight
  5730 | Bailey   | Noticed an orc knight
  5796 | Bailey   | Noticed an orc knight
  5807 | Bailey   | Killed an orc knight
  5807 | Bailey   | Reached XP level 9. HP: 42/83 MP: 8/8
  5816 | Bailey   | Noticed an orc knight
  5829 | Bailey   | Slain by an orc knight

Vault maps used:
D:1:      dpeg_arrival_signposts, chequers_big_river
D:2:      kennysheep_slug_shrine, dk_yredelemnul_ordeal
D:3:      makhleb_altar_promises_db, first_ration
D:4:      minitemple, led_sif_pool, minmay_temple_entry_large_hall,
          serial_shops, shop, uniq_ijyb
D:5:      minmay_lizard_king
D:6:      lemuel_insect_pit, overflow_temple_1_default,
          nicolae_overflow_hidden_temple, basic_altar, fedhas_altar_3
D:7:      kennysheep_mini_moat, enter_bailey_7, grunt_ogre_cave,
          hangedman_decor_push
Bailey:   bailey_axe_4, bailey

Skill      XL: |  1  2  3  4  5  6  7  8 |
---------------+-------------------------+-----
Axes           | 4 5 6 8 9 11 | 11.9
Fighting       | 4 5 6 7 9 |  9.1
Armour         | |  2.4
Dodging        | |  2.1

Action                   |  1- 3 |  4- 6 |  7- 9 || total
-------------------------+-------+-------+-------++-------
Melee: Hand axe          |   100 |   130 |   206 ||   436
       Headbutt          |    10 |    19 |    47 ||    76
Invok: Berserk           |       |       |     3 ||     3
       Trog's Hand       |       |       |     1 ||     1
  Use: Potion            |       |       |     3 ||     3
 Stab: Sleeping          |     2 |       |       ||     2
  Eat: Chunk             |     2 |     7 |     8 ||    17
Armor: Animal skin       |    11 |       |       ||    11
       Ring mail         |     8 |    14 |       ||    22
       Plate armour      |       |    24 |   142 ||   166
       Scale mail        |       |     3 |       ||     3
Dodge: Dodged            |    60 |    50 |    69 ||   179

Table legend:
 A = Spawn XP
 B = Non-spawn XP
 C = Spawn XP percentage of total XP
 D = Spawn monster count
 E = Non-spawn monster count
 F = Spawn count percentage of total count
 G = Total turns spent on level
                    A         B        C        D         E        F      G
               +---------+---------+-------+---------+---------+-------+---------
         Total |       0 |    3049 |   0.0 |       0 |     147 |   0.0 |  5829
               +---------+---------+-------+---------+---------+-------+---------
           D:1 |       0 |      53 |   0.0 |       0 |      26 |   0.0 |  1171
           D:2 |       0 |     321 |   0.0 |       0 |      35 |   0.0 |   999
           D:3 |       0 |      14 |   0.0 |       0 |      10 |   0.0 |   593
           D:4 |       0 |     316 |   0.0 |       0 |       5 |   0.0 |   899
           D:5 |       0 |     251 |   0.0 |       0 |      21 |   0.0 |   758
           D:6 |       0 |     935 |   0.0 |       0 |      29 |   0.0 |   923
           D:7 |       0 |     423 |   0.0 |       0 |       8 |   0.0 |   201
        Bailey |       0 |     736 |   0.0 |       0 |      13 |   0.0 |   285
               +---------+---------+-------+---------+---------+-------+---------
